 Dungeon Crawl Stone Soup version 0.16.1-29-g3e760ad (webtiles) character file.

17746 Hildebrand the Severer (level 12, -1/113 HPs)
             Began as a Minotaur Berserker on June 9, 2015.
             Was a High Priest of Trog.
             Slain by a naga warrior
             ... wielding a +0 spear
              (14 damage)
             ... on level 4 of the Lair of Beasts.
             The game lasted 01:07:52 (13509 turns).

Hildebrand the Severer (Minotaur Berserker)        Turns: 13509, Time: 01:07:52

Health: -1/113     AC: 22    Str: 21    XL:     12   Next: 21%
Magic:  5/5        EV: 11    Int:  4    God:    Trog [*****.]
Gold:   758        SH:  0    Dex: 16    Spells: 0 memorised, 11 levels left

rFire  . . .     SeeInvis .     P - +1 mace (distort)
rCold  + . .     Clarity  .     G - +2 plate armour {rPois}
rNeg   . . .     SustAb   .     (no shield)
rPois  +         Gourm    .     K - +2 hat
rElec  .         Spirit   .     y - +0 cloak
rCorr  +         Warding  .     (no gloves)
rMut   .         Stasis   .     h - +1 pair of boots
MR     .....                    x - amulet of resist corrosion
Stlth  ..........               (no ring)
                                B - ring of protection from cold

@: lethally poisoned (-1 -> -9), exhausted, slowed, very slow, not resistant to
hostile enchantments, extremely unstealthy
A: retaliatory headbutt, horns 2
a: Burn Spellbooks, Berserk, Trog's Hand, Brothers in Arms, Renounce Religion


You were on level 4 of the Lair of Beasts.
You worshipped Trog.
Trog was extremely pleased with you.
You were not hungry.

You visited 3 branches of the dungeon, and saw 13 of its levels.

You collected 758 gold pieces.

Inventory:

Hand weapons
 r - a +1 war axe
 P - a +1 mace of distortion (weapon)
Missiles
 e - 7 javelins (quivered)
 g - 3 silver javelins
 j - 8 tomahawks
 H - 3 javelins of returning
 J - 8 tomahawks of returning
Armour
 h - a +1 pair of boots (worn)
 y - a +0 cloak (worn)
 G - a +2 plate armour of poison resistance (worn)
 K - a +2 hat (worn)
Jewellery
 w - an uncursed amulet of the gourmand
 x - an amulet of resist corrosion (around neck)
 B - a ring of protection from cold (left hand)
Magical devices
 a - a wand of digging (13)
Scrolls
 k - 4 scrolls of recharging
 o - a scroll of magic mapping
 C - a scroll of enchant weapon
 D - 2 scrolls of remove curse
 I - a scroll of teleportation
 M - a scroll of fog
Potions
 b - a potion of cancellation
 d - 2 potions of heal wounds
 i - 6 potions of curing
 m - 2 potions of agility
 n - a potion of beneficial mutation
 q - 2 potions of haste
 v - a potion of magic
 z - 2 potions of might
 A - 4 potions of invisibility
 E - 2 potions of resistance
 L - a potion of restore abilities
 N - a potion of brilliance
Comestibles
 c - 3 bread rations
 f - 5 meat rations
 l - 5 fruits
 p - 2 royal jellies
 F - a beef jerky


   Skills:
 + Level 12.4 Fighting
 + Level 15.3 Axes
 * Level 10.0 Armour
 * Level 9.4 Dodging


You had 11 spell levels left.
You didn't know any spells.

Dungeon Overview and Level Annotations

Branches:
Dungeon (8/15)             Temple (1/1) D:5            Lair (4/8) D:8
  Swamp: Lair:3-6    Shoals: Lair:3-6     Snake: Lair:3-6    Spider: Lair:3-6

Altars:
Ashenzari
Cheibriados
Dithmenos
Elyvilon
Fedhas
Gozag
Kikubaaqudgha
Makhleb
Nemelex Xobeh
Okawaru
Qazlal
Ru
Sif Muna
Vehumet
Xom
Yredelemnul
Zin
The Shining One

Shops:
D:4 %


Innate Abilities, Weirdness & Mutations

You reflexively headbutt those who attack you in melee.
You have a pair of horns on your head.


Message History

You feel sick.
Damage: -0%(-1hp) hp: 24%(26hp)
You feel sick. The naga spits poison at you. The splash of poison misses you.
Damage: -2%(-2hp) hp: 22%(24hp)
You feel sick. The naga spits poison at you. The splash of poison hits you!
You are more poisoned.
You resist. The wolf closely misses you.
Damage: -1%(-1hp) hp: 21%(23hp)
You feel sick. The wolf bites you but does no damage.
You feel sick. The wolf bites you but does no damage.
The wolf completely misses you.
Damage: -2%(-2hp) hp: 19%(21hp)
You feel sick. The wolf bites you but does no damage. The wolf bites you!
* * * LOW HITPOINT WARNING * * *
The naga warrior hits you from afar with a spear!
You die...

.......P#.....##....N†N†).....P..
.#..P.....P..#########...........
##........P...# #...N..........
#.../...PP...## ##............#
#P.......P....P# #.N...##......
.......#......#####.N...# #....
.......####....P##N..#### ...
#......# ##.....h..## .. .......#
###..@..## ........ #........#
......... ##........... .....
#........... ......##P....
.....### #... ...... .. ...##


You could see a naga warrior, 3 nagas and a wolf.

Vanquished Creatures
  Gastronok (Lair:2)
  2 hydras
  5 death yaks (Lair:3)
  Pikel (D:4)
  A griffon (Lair:1)
  4 spiny frogs
  3 black mambas
  2 komodo dragons
  9 blink frogs
  A wandering mushroom (D:8)
  A basilisk (Lair:1)
  10 yaks
  A hippogriff (Lair:1)
  A naga (Lair:4)
  2 wolves (Lair:4)
  10 porcupines
  A slave (D:4)
  5 water moccasins
  A black bear (D:8)
  An ice beast (D:8)
  An orc warrior (D:7)
  2 ogres (D:4)
  2 phantoms
  A centaur (D:5)
  3 crocodiles
  Duvessa (D:7)
  A gnoll sergeant (D:7)
  11 giant frogs
  A big kobold (D:8)
  A wyvern skeleton (D:6)
  A scorpion (D:8)
  Dowan (D:7)
  An electric eel (D:7)
  2 orc priests
  The ghost of Akron the Sneak, a weakling KoEn (D:4)
  A crimson imp (D:7)
  A goliath beetle (D:7)
  3 hounds
  A giant frog skeleton (D:5)
  2 jellies
  6 worker ants
  4 iguanas
  4 orc wizards
  A hound skeleton (D:8)
  9 gnolls
  13 adders
  25 river rats (Lair:1)
  A giant mite (D:3)
  2 shadow imps
  An adder skeleton (D:5)
  2 giant geckos (D:7)
  An ooze (D:1)
  11 orcs
  A ball python (D:5)
  8 bats
  A bat skeleton (D:8)
  7 giant cockroaches
  15 hobgoblins
  2 quokkas
  A giant gecko skeleton (D:4)
  5 giant newts
  6 goblins
  8 jackals
  21 kobolds
  2 quokka skeletons
  7 rats
  A ballistomycete (D:8)
  5 fungi
270 creatures vanquished.

Vanquished Creatures (others)
  An adder (D:4)
  An orc (D:4)
  A giant spore (D:8)
  A rat (D:4)
  2 fungi
6 creatures vanquished.

Grand Total: 276 creatures vanquished

Notes
Turn   | Place    | Note
--------------------------------------------------------------
     0 | D:1      | Hildebrand, the Minotaur Berserker, began the quest for the Orb.
     0 | D:1      | Reached XP level 1. HP: 19/19 MP: 1/1
   285 | D:1      | Reached XP level 2. HP: 27/27 MP: 1/1
   457 | D:1      | Reached skill level 4 in Axes
   888 | D:2      | Acquired Trog's second power
  1084 | D:2      | Reached XP level 3. HP: 33/33 MP: 2/2
  1841 | D:3      | Reached skill level 5 in Axes
  1941 | D:3      | Reached XP level 4. HP: 37/41 MP: 2/2
  2136 | D:3      | Huge Dmg: 14 dmg
  2148 | D:3      | Huge Dmg: 9 dmg
  2509 | D:4      | Reached XP level 5. HP: 34/47 MP: 2/2
  2668 | D:4      | Reached skill level 5 in Fighting
  2668 | D:4      | Reached skill level 6 in Axes
  2678 | D:4      | Found Smint's Food Shoppe.
  2693 | D:4      | Noticed an ogre
  2700 | D:4      | Huge Dmg: 13 dmg
  2700 | D:4      | Killed an ogre
  2816 | D:4      | Reached XP level 6. HP: 46/56 MP: 3/3
  3117 | D:4      | Noticed a slave
  3118 | D:4      | Noticed a slave
  3120 | D:4      | Noticed Pikel
  3127 | D:4      | Noticed a slave
  3130 | D:4      | Killed a slave
  3131 | D:4      | Noticed a slave
  3132 | D:4      | Reached skill level 7 in Axes
  3140 | D:4      | Killed Pikel
  3140 | D:4      | Reached skill level 8 in Axes
  3140 | D:4      | Reached XP level 7. HP: 64/64 MP: 3/3
  3142 | D:4      | Huge Dmg: 27 dmg
  3384 | D:4      | Reached skill level 9 in Axes
  3501 | D:4      | Noticed Akron's ghost (weakling KoEn)
  3506 | D:4      | Noticed an ogre
  3509 | D:4      | Killed Akron's ghost
  3512 | D:4      | Killed an ogre
  3671 | D:5      | Entered Level 5 of the Dungeon
  3699 | D:5      | Reached XP level 8. HP: 73/73 MP: 3/3
  3806 | D:5      | Reached skill level 10 in Axes
  4254 | D:5      | Found a staircase to the Ecumenical Temple.
  4794 | Temple   | Entered the Ecumenical Temple
  5108 | D:6      | Acquired Trog's third power
  5316 | D:6      | Reached skill level 11 in Axes
  5977 | D:7      | Huge Dmg: 17 dmg
  5979 | D:7      | Huge Dmg: 14 dmg
  5983 | D:7      | Huge Dmg: 10 dmg
  6246 | D:7      | Huge Dmg: 33 dmg
  6334 | D:7      | Huge Dmg: 19 dmg
  6337 | D:7      | Huge Dmg: 13 dmg
  6340 | D:7      | Huge Dmg: 13 dmg
  6617 | D:7      | Huge Dmg: 18 dmg
  6662 | D:7      | Huge Dmg: 13 dmg
  6921 | D:7      | Noticed Duvessa
  6921 | D:7      | Noticed Dowan
  6927 | D:7      | Killed Duvessa
  6927 | D:7      | Reached XP level 9. HP: 82/82 MP: 4/4
  6932 | D:7      | Killed Dowan
  6937 | D:7      | Huge Dmg: 40 dmg
  6974 | D:7      | Huge Dmg: 21 dmg
  7679 | D:8      | Reached skill level 12 in Axes
  7776 | D:8      | Huge Dmg: 25 dmg
  7933 | D:8      | Huge Dmg: 37 dmg
  8054 | D:8      | Found a staircase to the Lair.
  8413 | Lair:1   | Entered Level 1 of the Lair of Beasts
  8643 | Lair:1   | Reached skill level 13 in Axes
  8739 | Lair:1   | Noticed a komodo dragon
  8743 | Lair:1   | Killed a komodo dragon
  8751 | Lair:1   | Huge Dmg: 42 dmg
  8889 | Lair:1   | Reached skill level 10 in Fighting
  9263 | Lair:1   | Reached XP level 10. HP: 92/94 MP: 4/4
  9266 | Lair:1   | Reached skill level 14 in Axes
  9267 | Lair:1   | Huge Dmg: 15 dmg
  9544 | Lair:1   | Noticed a griffon
  9556 | Lair:1   | Killed a griffon
  9562 | Lair:1   | Huge Dmg: 41 dmg
  9847 | Lair:1   | Noticed a six-headed hydra
  9849 | Lair:1   | Huge Dmg: 19 dmg
  9853 | Lair:1   | Killed a nine-headed hydra
  9853 | Lair:1   | Reached skill level 5 in Armour
  9860 | Lair:1   | Huge Dmg: 29 dmg
 10013 | Lair:1   | Reached skill level 5 in Dodging
 10027 | Lair:1   | Huge Dmg: 25 dmg
 10308 | Lair:2   | Noticed a black mamba
 10318 | Lair:2   | Killed a black mamba
 10448 | Lair:2   | Huge Dmg: 24 dmg
 10470 | Lair:2   | Huge Dmg: 7 dmg
 10489 | Lair:1   | Huge Dmg: 8 dmg
 10678 | Lair:1   | Reached XP level 11. HP: 75/102 MP: 4/4
 11062 | Lair:2   | Noticed a five-headed hydra
 11071 | Lair:2   | Killed a ten-headed hydra
 11077 | Lair:2   | Huge Dmg: 47 dmg
 11595 | Lair:2   | Noticed Gastronok
 11615 | Lair:2   | Killed Gastronok
 11619 | Lair:2   | Huge Dmg: 34 dmg
 11760 | Lair:2   | Received a gift from Trog
 12468 | Lair:3   | Huge Dmg: 22 dmg
 12476 | Lair:3   | Huge Dmg: 21 dmg
 12744 | Lair:3   | Received a gift from Trog
 12778 | Lair:3   | Reached skill level 15 in Axes
 12867 | Lair:3   | Noticed a death yak
 12867 | Lair:3   | Noticed a death yak
 12868 | Lair:3   | Noticed a death yak
 12868 | Lair:3   | Noticed a death yak
 12869 | Lair:3   | Noticed a death yak
 12879 | Lair:3   | Killed a death yak
 12882 | Lair:3   | Killed a death yak
 12884 | Lair:3   | Killed a death yak
 12888 | Lair:3   | Killed a death yak
 12892 | Lair:3   | Killed a death yak
 12892 | Lair:3   | Reached XP level 12. HP: 71/112 MP: 5/5
 12897 | Lair:3   | Huge Dmg: 24 dmg
 13467 | Lair:4   | Noticed a naga warrior
 13482 | Lair:4   | Huge Dmg: 31 dmg
 13491 | Lair:4   | Reached skill level 10 in Armour
 13499 | Lair:4   | Huge Dmg: 36 dmg
 13500 | Lair:4   | Huge Dmg: 25 dmg
 13502 | Lair:4   | Huge Dmg: 14 dmg
 13509 | Lair:4   | Slain by a naga warrior

Action                   |  1- 3 |  4- 6 |  7- 9 | 10-12 || total
-------------------------+-------+-------+-------+-------++-------
Melee: Hand axe          |    92 |    70 |    24 |       ||   186
       War axe           |       |       |   332 |   253 ||   585
       Mace              |       |       |       |    29 ||    29
Invok: Berserk           |       |     2 |     4 |     9 ||    15
       Burn Spellbooks   |       |       |     1 |     2 ||     3
  Use: Scroll            |     4 |     6 |    12 |     7 ||    29
  Eat: Chunk             |     3 |     5 |    10 |     7 ||    25
       Bread ration      |       |       |     4 |     3 ||     7
